 Dungeon Crawl Stone Soup version 0.26-b1-32-g5d43845318 (webtiles) character file.

Game seed: 9052171406502954702

12233 MisterFreud the Severer (level 11, -4/96 HPs)
             Began as a Deep Dwarf Fighter on Jan 10, 2021.
             Was an Elder of Makhleb.
             Slain by a boulder beetle (8 damage)
             ... on level 11 of the Dungeon.
             The game lasted 00:13:32 (7248 turns).

MisterFreud the Severer (Deep Dwarf Fighter)        Turns: 7248, Time: 00:13:32

Health: -4/96      AC: 18    Str: 23    XL:     11   Next: 59%
Magic:  14/14      EV: 10    Int: 12    God:    Makhleb [****..]
Gold:   390        SH:  0    Dex: 12    Spells: 10/10 levels left

rFire    . . .     SeeInvis +   H - +3 battleaxe
rCold    . . .     Faith    .   (shield currently unavailable)
rNeg     . . .     Spirit   .   x - +9 ring mail of Zuanithau {rElec Int+3 SInv}
rPois    .         Reflect  .   (no helmet)
rElec    +         Harm     .   g - +0 cloak
rCorr    +         Rampage  .   (no gloves)
Will     ++...                  n - +0 pair of boots (curse)
Stlth    +.........             (no amulet)
HPRegen  0.00/turn              C - ring of willpower
MPRegen  0.14/turn              j - ring of resist corrosion

@: non-regenerating
A: damage resistance, heal wounds, sense surroundings 2, no regeneration
a: Heal Wounds, Renounce Religion, Minor Destruction, Lesser Servant of Makhleb,
Major Destruction


You were on level 11 of the Dungeon.
You worshipped Makhleb.
Makhleb was greatly pleased with you.
You visited 2 branches of the dungeon, and saw 12 of its levels.

You collected 744 gold pieces.
You spent 354 gold pieces at shops.

Inventory:

Hand Weapons
 a - a +0 war axe
 H - a +3 battleaxe (weapon)
Armour
 b - a +0 scale mail
 c - a +0 kite shield
 g - a +0 cloak (worn)
 n - a cursed +0 pair of boots (worn)
 w - a +0 tower shield
 x - the +9 ring mail of Zuanithau (worn) {rElec Int+3 SInv}
   (You found it on level 4 of the Dungeon)

   It affects your intelligence (+3).
   It insulates you from electricity.
   It lets you see invisible.
 B - the +4 scale mail of Feroedish {rN+++ Str+5}
   (You found it on level 6 of the Dungeon)

   It affects your strength (+5).
   It renders you almost immune to negative energy.
Jewellery
 j - a ring of resist corrosion (right hand)
 A - an uncursed ring of ice
 C - a ring of willpower (left hand)
 I - an uncursed ring of protection from fire
Wands
 E - a wand of polymorph (6)
 F - a wand of iceblast (3)
Scrolls
 e - 5 scrolls of random uselessness {unknown}
 h - 5 scrolls of magic mapping {unknown}
 i - 6 scrolls of remove curse {unknown}
 k - 5 scrolls of amnesia {unknown}
 l - a scroll of fog
 o - 3 scrolls of enchant armour {unknown}
 p - 4 scrolls of blinking
 q - 2 scrolls of enchant weapon
 s - 10 scrolls of teleportation
 y - 2 scrolls of immolation
 J - a scroll of fear
 K - a scroll of identify
Potions
 d - 4 potions of might
 f - 4 potions of cancellation
 m - 2 potions of brilliance
 r - 3 potions of lignification
 t - a potion of berserk rage
 u - 2 potions of heal wounds
 v - 3 potions of flight
 z - 4 potions of curing
 D - a potion of invisibility
 G - a potion of attraction
 L - a potion of resistance {unknown}


   Skills:
 + Level 5.6 Fighting
 - Level 16.0 Axes
 - Level 8.0 Armour
 - Level 3.2 Shields
 - Level 8.0 Invocations


You had 10 spell levels left.
You didn't know any spells.
Your spell library contained the following spells:

 Spells                   Type           Power        Failure   Level
 Animate Skeleton         Necr           0%           43%         1
 Apportation              Tloc           0%           43%         1
 Beastly Appendage        Tmut           0%           43%         1
 Corona                   Hex            0%           43%         1
 Summon Small Mammal      Summ           0%           43%         1
 Call Imp                 Summ           0%           58%         2
 Wereblood                Tmut           0%           58%         2
 Call Canine Familiar     Summ           0%           82%         3
 Spider Form              Tmut/Pois      0%           82%         3
 Summon Guardian Golem    Hex/Summ       0%           82%         3
 Ice Form                 Ice/Tmut       0%           99%         4
 Summon Ice Beast         Ice/Summ       0%           99%         4
 Summon Lightning Spire   Summ/Air       0%           99%         4
 Blade Hands              Tmut           0%           100%        5


Dungeon Overview and Level Annotations

Branches:
Dungeon (10/15)            Temple (1/1) D:4            Lair (0/6) D:9
    Orc (0/2) D:10

Altars:
Ashenzari
Cheibriados
Dithmenos
Elyvilon
Fedhas
Gozag
Hepliaklqana
Kikubaaqudgha
Makhleb
Nemelex Xobeh
Okawaru
Qazlal
Ru
Trog
Uskayaw
Vehumet
Wu Jian
Xom
Yredelemnul
Zin
The Shining One

Shops:
D:9 ?

Annotations:
D:7 5 transporters


Innate Abilities, Weirdness & Mutations

You are resistant to damage.
You can heal yourself by infusing magical energy.
You passively map the area around you.
You do not regenerate.


Message History

You are too injured to fight recklessly!
You are too injured to fight recklessly!
The boulder beetle hits you but does no damage.
The boulder beetle stops rolling and uncurls.
You are too injured to fight recklessly!
You completely miss the boulder beetle.
The boulder beetle is severely wounded.
The boulder beetle bites you but does no damage.
You slash the boulder beetle!
The boulder beetle is almost dead.
The boulder beetle bites you!!
* * * LOW HITPOINT WARNING * * *
You hit the boulder beetle.
The boulder beetle is almost dead.
The boulder beetle bites you!
* * * LOW HITPOINT WARNING * * *
You hit the boulder beetle.
The boulder beetle is almost dead.
The boulder beetle bites you!
You die...

###### *
###....#####
#..........##
#...........#
##...........#
#........$...#
#...........##
##.....B...##
##.....@.##
##....### *
##..## * ##.#
, , #..* ,,,
#..# , , , , ,
,, , , , ,, *


You could see a boulder beetle.

Vanquished Creatures
  Erica (D:8)
  7 death yaks
  A queen ant (D:9)
  2 trolls
  2 hornets
  8 yaks
  A wyvern (D:10)
  Edmund (D:5)
  3 soldier ants (D:9)
  A water moccasin (D:6)
  An ice beast (D:6)
  2 sky beasts
  5 orc warriors
  A black bear (D:8)
  3 ogres
  A centaur (D:8)
  2 big kobolds (D:9)
  A gnoll sergeant (D:9)
  4 bullfrogs (D:8)
  A wyvern skeleton (D:10)
  2 scorpions
  2 electric eels (D:7)
  13 wights
  A centaur zombie (D:3)
  A bullfrog zombie (D:8)
  2 jellies
  6 orc priests
  2 hounds
  3 bullfrog skeletons
  3 iguanas
  Natasha (twice) (D:2)
  11 orc wizards
  20 worker ants
  Robin (D:4)
  3 gnolls (D:9)
  9 adders
  A shadow imp (D:9)
  A white imp (D:6)
  An ooze (D:3)
  An adder skeleton (D:6)
  5 worms
  A dart slug (D:2)
  5 leopard geckos
  33 orcs
  5 bats
  4 giant cockroaches
  5 hobgoblins
  9 jackals
  4 quokkas
  3 ball pythons
  5 frilled lizards
  10 goblins
  17 kobolds
  A leopard gecko skeleton (D:5)
  7 rats
247 creatures vanquished.

Vanquished Creatures (others)
  6 plants (D:7)
6 creatures vanquished.

Grand Total: 253 creatures vanquished

Notes
Turn   | Place    | Note
-------+----------+-------------------------------------------
     0 | D:1      | MisterFreud the Deep Dwarf Fighter began the quest for the
                  | Orb.
     0 | D:1      | Reached XP level 1. HP: 20/20 MP: 1/1
   319 | D:1      | Reached skill level 3 in Axes
   325 | D:1      | Reached XP level 2. HP: 22/27 MP: 2/2
   654 | D:2      | Noticed Natasha
   664 | D:2      | Killed Natasha
   665 | D:2      | Reached skill level 4 in Axes
   665 | D:2      | Reached XP level 3. HP: 3/33 MP: 3/3
   683 | D:2      | Reached XP level 4. HP: 33/40 MP: 4/4
   746 | D:2      | Reached skill level 5 in Axes
   930 | D:2      | Noticed Natasha
   936 | D:2      | Killed Natasha
  1075 | D:2      | Reached XP level 5. HP: 24/46 MP: 5/5
  1187 | D:2      | Found an ornate altar of the Wu Jian Council.
  1703 | D:3      | Reached skill level 6 in Axes
  2132 | D:4      | Found a basalt altar of Yredelemnul.
  2136 | D:4      | You fall into a shaft and drop 1 floor!
  2136 | D:5      | Entered Level 5 of the Dungeon
  2136 | D:5      | Found a glowing silver altar of Zin.
  2137 | D:5      | Found an ancient bone altar of Kikubaaqudgha.
  2137 | D:5      | Found a white marble altar of Elyvilon.
  2139 | D:5      | Found a hide-covered altar of Uskayaw.
  2140 | D:5      | Found a sacrificial altar of Ru.
  2198 | D:5      | Reached skill level 7 in Axes
  2198 | D:5      | Reached XP level 6. HP: 46/55 MP: 5/5
  2394 | D:4      | Reached skill level 8 in Axes
  2611 | D:4      | Found a radiant altar of Vehumet.
  2752 | D:4      | Found a staircase to the Ecumenical Temple.
  2754 | D:4      | Got a distressingly furry ring mail
  2765 | D:4      | Identified the +9 ring mail of Zuanithau {rElec Int+3 SInv}
                  | (You found it on level 4 of the Dungeon)
  2773 | Temple   | Entered the Ecumenical Temple
  2788 | Temple   | Became a worshipper of Makhleb the Destroyer
  2864 | D:4      | Noticed Robin
  2876 | D:4      | Killed Robin
  3376 | D:5      | Reached XP level 7. HP: 41/61 MP: 6/6
  3381 | D:5      | Reached skill level 9 in Axes
  3580 | D:5      | Found a shadowy altar of Dithmenos.
  3614 | D:5      | Noticed Edmund
  3636 | D:5      | Killed Edmund
  3913 | D:6      | Reached * piety under Makhleb
  3929 | D:6      | Reached skill level 10 in Axes
  3944 | D:6      | Reached skill level 1 in Invocations
  3982 | D:6      | Reached XP level 8. HP: 53/68 MP: 6/8
  3987 | D:6      | Got a dazzling scale mail
  3998 | D:6      | Identified the +4 scale mail of Feroedish {rN+++ Str+5}
                  | (You found it on level 6 of the Dungeon)
  4192 | D:6      | Found a glowing silver altar of Zin.
  4424 | D:7      | Found a transporter.
  4424 | D:7      | Found a transporter.
  4428 | D:7      | Found a transporter.
  4448 | D:7      | Noticed a deep elf mage
  4448 | D:7      | Noticed a manticore
  4450 | D:7      | Found a transporter.
  4543 | D:7      | Found a transporter.
  4679 | D:7      | Noticed a hornet
  4686 | D:7      | Killed a hornet
  4844 | D:7      | Reached skill level 5 in Armour
  5066 | D:8      | Reached skill level 5 in Invocations
  5246 | D:8      | Reached skill level 11 in Axes
  5246 | D:8      | Gained mutation: You passively map the area around you.
                  | [Deep Dwarf growth]
  5246 | D:8      | Reached XP level 9. HP: 61/74 MP: 10/12
  5316 | D:8      | Noticed Erica
  5329 | D:8      | Killed Erica
  5367 | D:8      | Reached ** piety under Makhleb
  5634 | D:9      | Noticed a queen ant
  5655 | D:9      | Killed a queen ant
  5656 | D:9      | Reached skill level 12 in Axes
  5656 | D:9      | Reached XP level 10. HP: 46/81 MP: 14/14
  5752 | D:9      | Reached skill level 13 in Axes
  5785 | D:9      | Paralysed by a hornet for 2 turns
  5788 | D:9      | Paralysed by a hornet for 1 turns
  5840 | D:9      | Found Huuqaojo's Magic Scroll Shoppe.
  5848 | D:9      | Bought a scroll of fear for 42 gold pieces
  5848 | D:9      | Bought a scroll of teleportation for 36 gold pieces
  5848 | D:9      | Bought a scroll of teleportation for 36 gold pieces
  5848 | D:9      | Bought a scroll of teleportation for 36 gold pieces
  5848 | D:9      | Bought a scroll of blinking for 90 gold pieces
  5848 | D:9      | Bought a scroll of enchant weapon for 90 gold pieces
  5848 | D:9      | Bought a scroll of identify for 24 gold pieces
  5936 | D:9      | Reached *** piety under Makhleb
  6048 | D:9      | Noticed a death yak
  6048 | D:9      | Noticed a death yak
  6059 | D:9      | Noticed a death yak
  6078 | D:9      | Noticed a death yak
  6085 | D:9      | Noticed a death yak
  6085 | D:9      | Noticed a death yak
  6092 | D:9      | HP: 3/81 [death yak (13)]
  6095 | D:9      | Killed a death yak
  6096 | D:9      | Reached skill level 14 in Axes
  6221 | D:9      | Noticed a death yak
  6244 | D:9      | Killed a death yak
  6273 | D:8      | Killed a death yak
  6274 | D:8      | Reached skill level 15 in Axes
  6274 | D:8      | Reached XP level 11. HP: 12/88 MP: 15/15
  6480 | D:8      | Killed a death yak
  6543 | D:9      | Found a staircase to the Lair.
  6708 | D:9      | Killed a death yak
  6724 | D:9      | Killed a death yak
  6731 | D:9      | Killed a death yak
  6732 | D:9      | Reached skill level 16 in Axes
  6751 | D:10     | Entered Level 10 of the Dungeon
  6762 | D:10     | Reached **** piety under Makhleb
  7033 | D:10     | Found a staircase to the Orcish Mines.
  7084 | D:10     | Reached skill level 5 in Fighting
  7223 | D:10     | You fall into a shaft and drop 1 floor!
  7224 | D:11     | Noticed a boulder beetle
  7247 | D:11     | HP: 4/96 [boulder beetle (9)]
  7248 | D:11     | Slain by a boulder beetle

Illustrated notes

Levels and vault maps discovered:
D:1:      minmay_arrival_radiant_lines, layout_basic
D:2:      layout_loops_cross, pdpol_wu_jian_five_deadly_venoms, uniq_natasha
D:3:      layout_loops_corners
D:4:      layout_basic, overflow_temple_1_default,
          nicolae_overflow_crystal_walls, minmay_temple_entry_butterflies,
          uniq_robin
D:5:      layout_basic, grunt_temple_overflow_open, old_standard_altar,
          cheibrodos_sewer_entry_sluice, minmay_misc_feat_square,
          grunt_ministairs_7, chequers_serial_rivers_large_a, uniq_edmund
D:6:      layout_basic, basic_altar
D:7:      gammafunk_the_bubble [the_bubble_gammafunk_roulette], layout_basic,
          serial_bayou, serial_bayou_shore_a, serial_bayou_pond_c,
          serial_bayou_shore_b, serial_bayou_pond_a
D:8:      layout_loops_ring, uniq_erica
D:9:      layout_long_grid, dpeg_lair_monsters, serial_shops, shop, st_stairs_1,
          minmay_another_anthill
D:10:     layout_stronghold, david_orc_2, nicolae_trove_entry_path_of_doom,
          minmay_evil_grid
D:11:     layout_cave_pods, hangedman_minor_magic
Temple:   cyrus_circular_temple

Skill      XL: |  1  2  3  4  5  6  7  8  9 10 11 |
---------------+----------------------------------+-----
Axes           | 3 4 5 7 8 10 11 12 15 16 | 16.0
Invocations    | 2 5 8 |  8.0
Armour         | 5 8 |  8.0
Fighting       | 5 |  5.6
Shields        | |  3.2

Action                   |  1- 3 |  4- 6 |  7- 9 | 10-12 || total
-------------------------+-------+-------+-------+-------++-------
Melee: War axe           |    73 |   224 |   173 |       ||   470
       Battleaxe         |       |       |    73 |   343 ||   416
 Abil: Heal Wounds       |     1 |     3 |     4 |    13 ||    21
Evoke: Wand              |       |       |     3 |     1 ||     4
  Use: Potion            |       |       |     2 |     1 ||     3
       Scroll            |       |       |       |     9 ||     9
Armor: Scale mail        |    45 |   105 |       |       ||   150
       Ring mail         |       |    20 |   109 |   164 ||   293
       Skin              |       |       |    11 |    18 ||    29
Dodge: Dodged            |    29 |    56 |    81 |   153 ||   319
Block: Kite shield       |    50 |   110 |    76 |       ||   236
